 Dungeon Crawl Stone Soup version 0.29.1-1-gd02db6906a (webtiles) character file.

Game seed: 2195518105192767947

43 ragingrage the Poker (level 3, 0/29 HPs)
             Began as a Demonspawn Fighter on Sept 15, 2022.
             Was a Follower of Uskayaw.
             Slain by a gnoll
             ... wielding a +0 spear
              (8 damage)
             ... on level 3 of the Dungeon.
             The game lasted 00:01:46 (1866 turns).

ragingrage the Poker (Demonspawn Fighter)           Turns: 1866, Time: 00:01:46

Health: 0/29       AC:  7    Str: 15 (18) XL:     3   Next: 37%
Magic:  3/3        EV:  8    Int:  7 (9)  God:    Uskayaw [*.....]
Gold:   121        SH:  4    Dex: 10 (12) Spells: 2/2 levels left

rFire   . . .      SeeInvis .   a - +0 trident
rCold   . . .      Faith    .   c - +0 buckler
rNeg    . . .      Spirit   .   b - +0 scale mail
rPois   .          Reflect  .   (no helmet)
rElec   .          Harm     .   (no cloak)
rCorr   .          Rampage  .   (no gloves)
Will    .....                   (no boots)
Stlth   ..........              (no amulet)
HPRegen 0.09/turn               (no ring)
MPRegen 0.08/turn               (no ring)

@: mighty
A: sharp scales 1
a: Renounce Religion, Stomp


You were on level 3 of the Dungeon.
You worshipped Uskayaw.
Uskayaw was noncommittal.
You visited 1 branch of the dungeon, and saw 3 of its levels.

You collected 121 gold pieces.

Inventory:

Hand Weapons
 a - a +0 trident (weapon)
Missiles
 e - 6 boomerangs (quivered)
Armour
 b - a +0 scale mail (worn)
 c - a +0 buckler (worn)
Scrolls
 f - a scroll of enchant weapon {unknown}
 g - 2 scrolls of blinking {unknown}
 h - a scroll of enchant armour {unknown}
 i - a scroll of identify {unknown}
 j - a scroll of poison {unknown}
 k - a scroll of fog {unknown}
 m - a scroll of magic mapping {unknown}
Potions
 d - a potion of might
 l - a potion of magic


   Skills:
 - Level 3.0 Fighting
 + Level 3.5 Polearms
 - Level 2.6 Armour
 - Level 2.6 Shields


You had 2 spell levels left.
You didn't know any spells.
Your spell library was empty.

Dungeon Overview and Level Annotations

Branches:
Dungeon (3/15)

Altars:
Uskayaw

Shops:
D:1 [

Annotations:
D:2 Sigmund


Innate Abilities, Weirdness & Mutations

You are partially covered in razor-sharp scales. (AC +1, Slay +1)


Message History

* * * LOW HITPOINT WARNING * * *
Reach: a) +0 trident
Press: ? - help, Dir - move target, f/p - quokka
Aim: a quokka (moderately wounded, about 52% to evade your +0 trident)
You completely miss the quokka.
The quokka is moderately wounded.
The quokka bites you but does no damage.
You block the gnoll's attack. The quokka barely misses you.
The quokka attacks as you move away! The quokka barely misses you.
The quokka bites you.
* * * LOW HITPOINT WARNING * * *
The quokka attacks as you move away!
The quokka bites you but does no damage.
You closely miss the quokka.
The quokka is moderately wounded.
The quokka bites you.
* * * LOW HITPOINT WARNING * * *
You can no longer pass through a line of other dancers.
It was a potion of curing.
You feel better.
The gnoll hits you from afar with a +0 spear.
* * * LOW HITPOINT WARNING * * *
The quokka closely misses you.
Unknown command.
It was a potion of degeneration.
There was something very wrong with that liquid.
You feel weakened.
You feel dopey.
You feel clumsy. The quokka misses you.
The gnoll hits you from afar with a +0 spear.
* * * LOW HITPOINT WARNING * * *
The quokka closely misses you.
You feel very mighty all of a sudden. The gnoll misses you.
The quokka bites you but does no damage.
Reach: a) +0 trident
Press: ? - help, Dir - move target, f/p - quokka
Aim: a quokka (moderately wounded, about 54% to evade your +0 trident)
You closely miss the quokka.
The quokka is moderately wounded.
The gnoll hits you from afar with a +0 spear!
You die...

#.........######..#.#
########### #.......#
####.#####.####.#
#....##.........#
#.#####.######.##
##########.#####.# ###.
.................# .....
...........#######......
...........#.ggr@.......
...........#.#####......
...........#.# .....
#....#'#####g# ####
####.#.# #g#
...#.#.#####.#
#......#....#
###.#..##.###
...#......#


You could see 2 gnolls and a quokka.

Vanquished Creatures
  2 gnolls (D:3)
  A dart slug (D:1)
  3 giant cockroaches
  4 hobgoblins (D:1)
  A quokka (D:1)
  4 ball pythons (D:1)
  2 bats
  2 frilled lizards
  2 kobolds (D:2)
  3 rats
24 creatures vanquished.

Notes
Turn   | Place    | Note
-------+----------+-------------------------------------------
     0 | D:1      | ragingrage the Demonspawn Fighter began the quest for the
                  | Orb.
     0 | D:1      | Reached XP level 1. HP: 18/18 MP: 1/1
   222 | D:1      | Gained mutation: You are partially covered in razor-sharp
                  | scales. (AC +1, Slay +1) [demonic ancestry]
   222 | D:1      | Reached XP level 2. HP: 20/24 MP: 2/2
   308 | D:1      | Found Weaffoex's Antique Armour Emporium.
   736 | D:1      | Found a faded altar of an unknown god.
   771 | D:1      | Prayed at the altar of an unknown god.
   771 | D:1      | Became a worshipper of Uskayaw the Reveller
   771 | D:1      | Reached * piety under Uskayaw
  1188 | D:2      | Reached ** piety under Uskayaw
  1409 | D:2      | Noticed Sigmund
  1417 | D:2      | HP: 1/24 [Sigmund/puff of flame (4)]
  1849 | D:3      | Reached XP level 3. HP: 10/29 MP: 3/3
  1850 | D:3      | Reached *** piety under Uskayaw
  1866 | D:3      | Slain by a gnoll

Illustrated notes

Levels and vault maps discovered:
D:1:      eino_arrival_cavern_d, layout_basic,
          dreamdust_ecumenical_altar_angels_and_demons, serial_shops, shop
D:2:      layout_basic, kennysheep_pointless_box, kennysheep_path_1,
          minmay_between, uniq_sigmund
D:3:      layout_basic

Skill      XL: |  1  2 |
---------------+-------+-----
Polearms       | 2 3 |  3.5
Fighting       | |  3.0
Armour         | |  2.6
Shields        | |  2.6

Action                   || total
-------------------------++-------
Melee: Trident           ||    68
  Use: Potion            ||     4
 Stab: Paralysed         ||     1
Armor: Scale mail        ||    31
Dodge: Dodged            ||    30
Block: Buckler           ||    10
